AoeStats
← Dr. F

Arabian Desert

508538819Analyzed
1v1 RM · 9d ago on Sep 22, 2026· 51m 26s· 2 players
Game mode
Random Map
Map size
Tiny (2 player)
Population
200
Speed
Normal
Resources
Standard
Victory
Conquest
Starting age
Dark Age
Ending age
Imperial Age
RankedLock teamsTeams togetherTeam positionsShared explorationLock speedFull tech treeHidden civsTurbo modeCheats
Victory
Defeat
🇮🇹 Armenians · Italy
534
+16
🇺🇸 Teutons · United States
530
-16
Dr. F
5:21 Loom
11:02 Feudal Age
12:24 Wheelbarrow
12:27 Double-Bit Axe
14:36 Horse Collar
15:17 Fletching
17:42 Gold Mining
19:03 Padded Archer Armor
23:54 Castle Age
22:17 Arson
22:45 Forging
23:48 Scale Mail Armor
24:09 Stone Mining
24:29 Scale Barding Armor
24:37 Bloodlines
25:30 Heavy Plow
26:07 Crossbowman
26:53 Squires
26:52 Bodkin Arrow
28:18 Bow Saw
30:34 Hand Cart
33:34 Stone Shaft Mining
37:09 Fervor
38:03 Iron Casting
37:49 Chain Barding Armor
36:55 Pikeman
38:22 Sanctity
42:02 Imperial Age
39:46 Masonry
39:29 Guard Tower
39:53 Fortified Wall
41:52 Leather Archer Armor
41:18 Man-at-Arms
42:02 Long Swordsman
42:08 Heavy Mounted Crossbowman
43:12 Ballistics
43:53 Chemistry
43:52 Crop Rotation
44:26 Two-Man Saw
43:51 Redemption
45:08 Atonement
45:48 Theocracy
44:36 Cavalier
45:51 Chain Mail Armor
45:30 Elite Teutonic Knight
46:49 Hoardings
46:24 Siege Engineers
47:17 Gambesons
46:54 Two-Handed Swordsman
48:47 Block Printing
49:40 Keep
48:53 Arrowslits
50:57 Plate Barding Armor
49:56 Elite Teutonic Knight
Bufalo
3:58 Loom
12:33 Feudal Age
13:09 Double-Bit Axe
13:06 Horse Collar
13:51 Man-at-Arms
24:34 Castle Age
23:29 Long Swordsman
24:58 Elite Skirmisher
25:04 Pikeman
25:48 Heavy Plow
25:59 Bow Saw
25:43 Gold Mining
27:48 Squires
28:29 Forging
28:10 Fletching
29:17 Wheelbarrow
28:28 Town Watch
29:17 Halberdier
33:04 Hand Cart
38:19 Imperial Age
36:45 Stone Mining
37:32 Gold Shaft Mining
37:22 Sanctity
37:13 Fervor
36:27 Two-Handed Swordsman
38:22 Iron Casting
37:42 Bodkin Arrow
38:12 Town Patrol
39:41 Conscription
41:37 Elite Composite Bowman
42:07 Capped Ram
45:53 Blast Furnace
44:49 Bodkin Arrow
46:31 Chemistry
46:18 Champion
50:07 Bracer
50:08 Padded Archer Armor
50:09 Scale Mail Armor
50:25 Murder Holes
50:51 Bombard Tower
Connection lost

Rejoining the realm…

Still unreachable

The connection could not be restored.

Session expired

The server has moved on; the page needs a fresh start.